 Dungeon Crawl Stone Soup version 0.20-a0-1122-gb7cbeb9 (webtiles) character file.

5 Duffy the Charmwright (level 1, 0/18 HPs)
             Began as a Naga Wanderer on May 12, 2017.
             Slain by a jackal (3 damage)
             ... on level 1 of the Dungeon.
             The game lasted 00:00:23 (239 turns).

Duffy the Charmwright (Naga Wanderer)                Turns: 239, Time: 00:00:24

Health: 0/18       AC:  1    Str: 12    XL:     1   Next: 80%
Magic:  2/2        EV:  9    Int: 15    God:
Gold:   19         SH:  0    Dex:  9    Spells: 0/0 levels left

rFire    . . .     SeeInvis +   h - +0 whip
rCold    . . .     Gourm    .   (no shield)
rNeg     . . .     Faith    .   e - +0 robe
rPois    +         Spirit   .   (no helmet)
rElec    .         Reflect  .   (no cloak)
rCorr    +         Harm     .   (no gloves)
MR       .....                  (no barding)
Stlth    +.........             (no amulet)
Regen    0.1/turn               i - ring of resist corrosion
MPRegen  0.1/turn               (no ring)

@: very slow
A: see invisible, deformed body, poison resistance, slowness 2, slow metabolism
1, spit poison 1, AC +0
a: Spit Poison


You were on level 1 of the Dungeon.
You were not hungry.

You visited 1 branch of the dungeon, and saw 1 of its levels.

You collected 19 gold pieces.

Inventory:

Hand Weapons
 f - a +0 club
 h - a +0 whip (weapon)
Armour
 e - a +0 robe (worn)
Jewellery
 i - a ring of resist corrosion (left hand)
Wands
 d - a wand of random effects (15/48)
Scrolls
 j - a scroll of identify {unknown}
 k - a scroll of amnesia {unknown}
 l - a scroll of remove curse {unknown}
 m - a scroll of enchant armour {unknown}
 o - 2 scrolls of immolation {unknown}
 p - a scroll of teleportation {unknown}
Potions
 a - a potion of haste
 b - a potion of berserk rage
Books
 c - the Papyrus of the Snowflakes

   Spells                             Type                      Level
   a - Throw Frost                    Conjuration/Ice              2
   b - Ensorcelled Hibernation        Hexes/Ice                    2
Comestibles
 g - 2 bread rations
 n - 2 royal jellies


   Skills:
 + Level 1.3 Fighting
 - Level 1.5 Stealth
 - Level 2.0 Unarmed Combat
   Level 4.0 Charms
   Level 1.0 Necromancy
 - Level 2.0 Evocations


You couldn't memorise any spells.
You didn't know any spells.

Dungeon Overview and Level Annotations

Branches:
Dungeon (1/15)

Altars:


Innate Abilities, Weirdness & Mutations

You cannot wear boots.
Your serpentine skin is tough. (AC +0)
You have supernaturally acute eyesight. (SInv)
Armour fits poorly on your strangely shaped body.
Your system is resistant to poisons. (rPois)
You cover ground very slowly.
You have a slow metabolism.
You can spit poison.


Message History

The jackal barks!
You hear an angry hiss.
The jackal bites you.
Found a scroll labeled FASCHO LOMPIE.
Press: ? - help, Shift-Dir - straight line, f - jackal
Aim: a jackal The splash of poison hits the jackal.
The jackal appears unharmed.
You feel slightly more hungry. The jackal bites you. x2
A jackal comes into view.
You closely miss the jackal. The jackal bites you.
A frilled lizard comes into view.
You hit the jackal but do no damage.
You have got your breath back.
The jackal barely misses you. The jackal bites you.
You hit the jackal.
You kill the jackal!
You completely miss the jackal. The jackal completely misses you.
You closely miss the jackal. The jackal barely misses you.
A jackal comes into view.
You closely miss the jackal. The jackal bites you.
You die...

####### #.....#
#.....## #..%...#
##..##.## #@.###..##
.......h## ##..#
##.#.l...#####.#
...#.......#.#########
#.#....................
# #..................##
#h########...#.###...
#? ##..#...###.
###..##.##..


You could see 2 jackals and a frilled lizard.

Vanquished Creatures
  A giant cockroach (D:1)
  A hobgoblin (D:1)
  A jackal (D:1)
  A ball python (D:1)
  A bat (D:1)
5 creatures vanquished.

Notes
Turn   | Place    | Note
-------+----------+-------------------------------------------
     0 | D:1      | Duffy the Naga Wanderer began the quest for the Orb.
     0 | D:1      | Duffy set off with: a potion of haste, a potion of berserk rage, the Papyrus of the Snowflakes, a wand of random effects (15/48), a +0 robe, a +0 club, a bread ration
     0 | D:1      | Reached XP level 1. HP: 15/15 MP: 2/2
     0 | D:1      | Identified the Papyrus of the Snowflakes
   228 | D:1      | Reached skill level 1 in Fighting
   239 | D:1      | Slain by a jackal

Vault maps used:
D:1:      mrwooster_arrival_statue_3

Skill      XL: |  1 |
---------------+----+-----
Fighting       | 1 |  1.3
Stealth        | |  1.5
Unarmed Combat | |  2.0
Charms         | |  4.0
Necromancy     | |  1.0
Evocations     | |  2.0

Action                   || total
-------------------------++-------
Melee: Whip              ||    17
 Abil: Spit Poison       ||     1
 Stab: Sleeping          ||     2
Armor: Robe              ||     3
Dodge: Dodged            ||     9
